 Dungeon Crawl Stone Soup version 0.18-a0-79-gb542d04 (webtiles) character file.

6589 Duffy the Fighter (level 11, -11/91 HPs)
             Began as a Formicid Hunter on Nov 13, 2015.
             Was the Champion of Cheibriados.
             Mangled by Snorg (17 damage)
             ... on level 10 of the Dungeon.
             The game lasted 00:18:29 (10654 turns).

Duffy the Fighter (Formicid Hunter)                Turns: 10654, Time: 00:18:29

Health: -11/91     AC: 14    Str: 32    XL:     11   Next: 21%
Magic:  12/17      EV: 13    Int: 26    God:    Cheibriados [******]
Gold:   445        SH:  7    Dex: 29    Spells: 0 memorised, 10 levels left

rFire  + . .     SeeInvis +     a - +0 morningstar
rCold  . . .     Clarity  .     i - +0 plate armour
rNeg   . . .     SustAt   .     L - +0 buckler
rPois  +         Gourm    .     (helmet unavailable)
rElec  .         Spirit   .     y - +0 cloak
rCorr  +         Warding  .     (no gloves)
rMut   .         Stasis   +     (no boots)
MR     +....                    m - amulet of resist corrosion
Stlth  ..........               q - ring of poison resistance
                                s - ring of protection from fire

@: very slow, somewhat resistant to hostile enchantments, extremely unstealthy
A: permanent stasis, dig shafts and tunnels, four strong arms, antennae 3
a: Dig, Shaft Self, Bend Time, Temporal Distortion, Slouch, Step From Time,
Renounce Religion


You were on level 10 of the Dungeon.
You worshipped Cheibriados.
Cheibriados was exalted by your worship.
You were not hungry.

You visited 1 branch of the dungeon, and saw 10 of its levels.

You collected 445 gold pieces.


Innate Abilities, Weirdness & Mutations

You are under a permanent stasis effect.
You can dig through walls and to a lower floor.
Your four strong arms can wield two-handed weapons with a shield.
You have a pair of large antennae on your head (SInv).


   Skills:
 - Level 10.2 Fighting
 + Level 6.8 Maces & Flails
 - Level 4.0 Crossbows
 - Level 8.0 Armour
 - Level 4.8 Dodging
 - Level 1.2 Stealth
 - Level 4.0 Shields
 - Level 8.0 Invocations


You had 10 spell levels left.
You didn't know any spells.

Inventory:

Hand Weapons
 a - a +0 morningstar (weapon)
 b - a +0 dagger of venom
 M - a +1 hand crossbow
Missiles
 n - 19 bolts
 p - 37 poisoned needles
 C - 16 steel bolts
Armour
 i - a +0 plate armour (worn)
 y - a +0 cloak (worn)
 L - a +0 buckler (worn)
Jewellery
 m - an amulet of resist corrosion (around neck)
 q - a ring of poison resistance (right hand)
 s - a ring of protection from fire (left hand)
 N - a +1 ring of evasion
Wands
 K - a wand of cold (4)
Scrolls
 f - 2 scrolls of amnesia {unknown}
 g - 6 scrolls of remove curse
 j - 5 scrolls of magic mapping {unknown}
 l - a scroll of fog {unknown}
 r - 2 scrolls of random uselessness {unknown}
 u - a scroll of acquirement {unknown}
 v - 4 scrolls of immolation {unknown}
 w - 2 scrolls of enchant weapon {unknown}
 B - a scroll of noise {unknown}
 F - a scroll of enchant armour {unknown}
 I - a scroll of fear {unknown}
Potions
 d - 3 potions of curing
 k - a potion of agility
 o - a potion of flight
 t - a potion of ambrosia {unknown}
 z - 2 potions of might {unknown}
 A - a potion of resistance {unknown}
 D - a potion of cancellation {unknown}
 E - a potion of lignification {unknown}
 O - 2 potions of cure mutation {unknown}
Comestibles
 c - 10 royal jellies
 e - 9 bread rations
 h - 4 meat rations
 G - 2 slices of pizza
 J - 2 fruits

Dungeon Overview and Level Annotations

Branches:
Dungeon (10/15)            Temple (0/1) D:7            Lair (0/8) D:8
    Orc (0/4) D:10

Altars:
Cheibriados
Dithmenos
Kikubaaqudgha

Annotations:
D:10 Snorg


Message History

Snorg bites you! Snorg claws you. Snorg closely misses you.
You impale Snorg!!
Snorg is heavily wounded.
Snorg bites you! Snorg closely misses you. Snorg claws you but does no damage.
You puncture Snorg!
Snorg is heavily wounded.
Snorg bites you. Snorg misses you. You block Snorg's attack.
You puncture Snorg!
Snorg is severely wounded.
Snorg goes berserk!
Snorg closely misses you. You block Snorg's attack. You block Snorg's attack.
You closely miss Snorg.
Snorg is severely wounded.
Snorg bites you! You block Snorg's attack. Snorg claws you.
You closely miss Snorg.
Snorg is severely wounded.
Snorg closely misses you. Snorg claws you! Snorg claws you. Snorg bites you!
Snorg claws you but does no damage. You block Snorg's attack.
You are too injured to fight recklessly!
You are too injured to fight recklessly!
You are too injured to fight recklessly!
You are too injured to fight recklessly!
You are too injured to fight recklessly!
You are too injured to fight recklessly!
You are too injured to fight recklessly!
You are too injured to fight recklessly!
You are too injured to fight recklessly!
You are too injured to fight recklessly!
You are too injured to fight recklessly!
You are too injured to fight recklessly!
You are too injured to fight recklessly!
You are too injured to fight recklessly!
You can feel time thicken for a moment.
You feel somewhat more hungry. Snorg bites you! Snorg claws you!
You die...

#............#
#............#
#............#
####.########...#
.....# #...#
#...)# #...#
#.†..# #...#
#....# #..T##
#....# #.##@#
#...##......e.####
#...# .....T#.#
#...# ..[...#..
#...# ..... #..
..... #... ....
#... # #### #....
.


You could see Snorg (berserk).

Action                   |  1- 3 |  4- 6 |  7- 9 | 10-12 || total
-------------------------+-------+-------+-------+-------++-------
Melee: Short sword       |    98 |       |       |       ||    98
       Dagger            |    28 |   201 |   412 |   277 ||   918
       Morningstar       |       |       |       |   177 ||   177
       Flail             |       |       |       |    13 ||    13
 Fire: Hand crossbow     |     3 |       |    13 |       ||    16
Invok: Slouch            |       |       |       |     1 ||     1
 Abil: Dig               |       |     1 |     6 |     6 ||    13
       Shaft Self        |       |       |     1 |       ||     1
Evoke: Wand              |       |       |     3 |     2 ||     5
  Use: Scroll            |       |       |     7 |     2 ||     9
 Stab: Sleeping          |     2 |       |       |       ||     2
       Distracted        |       |       |       |     1 ||     1
  Eat: Chunk             |     3 |     4 |     7 |    10 ||    24
       Beef jerky        |       |       |     2 |       ||     2
       Fruit             |       |       |       |     2 ||     2

Notes
Turn   | Place    | Note
--------------------------------------------------------------
     0 | D:1      | Duffy the Formicid Hunter began the quest for the Orb.
     0 | D:1      | Reached XP level 1. HP: 16/16 MP: 1/1
   178 | D:1      | Reached skill level 2 in Dodging
   456 | D:1      | Reached XP level 2. HP: 16/23 MP: 2/2
   480 | D:1      | Reached skill level 3 in Fighting
   753 | D:1      | Reached XP level 3. HP: 15/29 MP: 3/3
  1487 | D:2      | Found a snail-covered altar of Cheibriados.
  1494 | D:2      | Became a worshipper of Cheibriados the Contemplative
  1587 | D:2      | Reached skill level 4 in Fighting
  1811 | D:2      | Reached XP level 4. HP: 37/37 MP: 4/4
  1852 | D:2      | You fall through a shaft for 2 floors!
  2033 | D:3      | Noticed Ijyb
  2056 | D:3      | Reached * piety under Cheibriados
  2075 | D:3      | Killed Ijyb
  2075 | D:3      | Reached skill level 5 in Fighting
  2288 | D:3      | Reached XP level 5. HP: 44/44 MP: 5/5
  2884 | D:2      | Reached skill level 1 in Armour
  3157 | D:3      | Reached ** piety under Cheibriados
  3157 | D:3      | Reached skill level 2 in Armour
  3742 | D:4      | Reached skill level 3 in Armour
  3742 | D:4      | Reached XP level 6. HP: 34/51 MP: 6/6
  3887 | D:4      | Reached skill level 4 in Armour
  4081 | D:4      | Noticed Pikel
  4081 | D:4      | Noticed a slave
  4081 | D:4      | Noticed a slave
  4082 | D:4      | Noticed a slave
  4089 | D:4      | Noticed a slave
  4108 | D:4      | Killed Pikel
  4108 | D:4      | Reached skill level 7 in Armour
  4108 | D:4      | Reached XP level 7. HP: 31/56 MP: 7/7
  4274 | D:4      | Noticed Natasha
  4291 | D:4      | Killed Natasha
  4291 | D:4      | Reached XP level 8. HP: 45/62 MP: 8/8
  4346 | D:4      | Killed Natasha
  4348 | D:4      | Noticed Natasha
  4358 | D:4      | Killed Natasha
  4581 | D:4      | Reached skill level 8 in Armour
  4669 | D:5      | Entered Level 5 of the Dungeon
  4807 | D:5      | Reached skill level 3 in Dodging
  4877 | D:5      | Reached *** piety under Cheibriados
  4977 | D:5      | Reached skill level 4 in Dodging
  5216 | D:5      | Noticed Blork the orc
  5229 | D:5      | Killed Blork the orc
  5427 | D:6      | Noticed Grinder
  5571 | D:6      | Killed Grinder
  5571 | D:6      | Reached skill level 6 in Fighting
  5571 | D:6      | Reached XP level 9. HP: 56/71 MP: 9/9
  5772 | D:6      | Reached skill level 7 in Fighting
  5922 | D:6      | Noticed a hill giant
  5941 | D:6      | Killed a hill giant
  5941 | D:6      | Reached skill level 9 in Fighting
  6243 | D:6      | Noticed Crazy Yiuf
  6253 | D:6      | Killed Crazy Yiuf
  6370 | D:6      | Found an ancient bone altar of Kikubaaqudgha.
  6408 | D:6      | Noticed Eustachio
  6428 | D:6      | Killed Eustachio
  6467 | D:6      | Reached **** piety under Cheibriados
  6599 | D:6      | Reached skill level 10 in Fighting
  6872 | D:7      | Found a staircase to the Ecumenical Temple.
  6890 | D:7      | You fall through a shaft for 3 floors!
  6890 | D:10     | Entered Level 10 of the Dungeon
  6920 | D:10     | Noticed an unseen horror
  6935 | D:10     | Killed an unseen horror
  6935 | D:10     | Reached skill level 4 in Invocations
  6935 | D:10     | Reached XP level 10. HP: 73/85 MP: 9/13
  7022 | D:10     | Reached skill level 5 in Invocations
  7038 | D:10     | Noticed a green ugly thing
  7285 | D:9      | Reached skill level 1 in Shields
  7285 | D:9      | Reached skill level 6 in Invocations
  7568 | D:8      | Reached skill level 2 in Shields
  7809 | D:8      | Found a staircase to the Lair.
  7856 | D:8      | Reached skill level 3 in Shields
  7961 | D:8      | Reached ***** piety under Cheibriados
  8163 | D:8      | Reached skill level 7 in Invocations
  8254 | D:7      | Reached skill level 4 in Shields
  8887 | D:7      | Reached skill level 8 in Invocations
  9033 | D:8      | Reached skill level 1 in Maces & Flails
  9225 | D:8      | Found a shadowy altar of Dithmenos.
  9266 | D:8      | You fall through a shaft for 2 floors!
  9268 | D:10     | Reached skill level 2 in Maces & Flails
  9286 | D:10     | Found a staircase to the Orcish Mines.
  9303 | D:10     | Reached skill level 3 in Maces & Flails
  9459 | D:9      | Reached skill level 4 in Maces & Flails
  9532 | D:8      | Reached XP level 11. HP: 91/91 MP: 17/17
  9761 | D:8      | Reached ****** piety under Cheibriados
  9967 | D:9      | Reached skill level 5 in Maces & Flails
 10500 | D:10     | Killed a green ugly thing
 10500 | D:10     | Reached skill level 6 in Maces & Flails
 10612 | D:10     | Noticed Snorg
 10654 | D:10     | Mangled by Snorg

Vault maps used:
D:1:      eino_arrival_cavern_a
D:2:      cheibriados_altar_1
D:3:      uniq_iyjb
D:4:      uniq_pikel, uniq_natasha
D:5:      first_bread, uniq_blork_the_orc
D:6:      basic_altar, hex_medium, uniq_eustachio, uniq_crazy_yiuf_cottage,
          uniq_grinder
D:7:      minmay_temple_entry_purple_smoke
D:8:      erik_lair_orcish_takeover, hangedman_little_slice_of_home,
          nicolae_dithmenos_through_a_glass_darkly
D:10:     orc_0_dummy, uniq_snorg

Vanquished Creatures
  Pikel
  A hill giant
  An unseen horror
  An ugly thing Grinder
  A deep elf mage Eustachio
  2 hungry ghosts
  3 wargs
  2 hippogriffs
  2 sky beasts
  3 orc warriors
  An ice beast
  A slave
  A black bear
  A necrophage
  A centaur
  4 ogres Blork the orc
  2 giant frogs
  2 water moccasin skeletons
  3 killer bees
  A quasit
  A centaur zombie
  4 crimson imps
  2 giant frog zombies
  7 jellies
  14 orc wizards
  3 orc priests
  5 giant frog skeletons
  6 hounds Crazy Yiuf Ijyb
  A centaur skeleton
  5 worker ants
  Natasha (thrice)
  2 iguanas
  A worker ant zombie
  A gnoll
  4 shadow imps
  9 adders
  5 oozes
  A worm
  An adder skeleton
  3 giant geckos
  39 orcs
  8 bats
  4 giant cockroaches
  6 hobgoblins
  13 jackals
  6 giant newts
  15 goblins
  4 kobolds
  2 quokkas
  A quokka zombie
  9 rats
224 creatures vanquished.
